Map: 카이로스 정션 - 래더

Players

aLive - Winner!

  • Race: Terran Terran
  • Spawn Location: 5:00

Trap

  • Race: Protoss Protoss
  • Spawn Location: 11:00

Event: IEM Season 13: Katowice (2019)

VOD

Have the link to the VOD?

Description

Time

  • Played on: Feb. 25, 2019, 9:54 a.m.
  • Length: 15:43

All games in this series

Show
View Real Time Build Order
Export as new Build Order

aLive Terran - Winner!

Build Orders: Cyclone Opening 

Get SALT Encoding   

  12  0:00  SCV  
  13  0:12  SCV  
  14  0:18  Supply Depot  
  14  0:24  SCV  
  15  0:40  SCV  
  15  0:41  Barracks  
  16  0:46  Refinery  
  16  0:52  SCV  
  16  0:56  Refinery  
  18  1:04  SCV  
  18  1:16  SCV  
  19  1:28  Reaper  
  19  1:29  Orbital Command  
  20  1:45  Factory  
  20  1:49  Supply Depot  
  20  1:55  SCV  
  20  2:00  Reaper  
  22  2:07  SCV  
  22  2:19  SCV  
  23  2:31  SCV  
  23  2:36  Factory Tech Lab  
  24  2:40  Command Center  
  24  2:43  SCV  
  25  2:56  Cyclone  
  28  2:59  Supply Depot  
  28  3:03  Barracks Tech Lab  
  28  3:08  SCV  
  29  3:21  SCV  
  29  3:25  Starport  
  30  3:28  Cyclone  
  33  3:34  SCV  
  34  3:44  Supply Depot  
  34  3:47  SCV  
  35  3:52  Orbital Command  
  35  3:59  SCV  
  35  4:02  Starport Tech Lab  
  33  4:11  SCV  
  33  4:15  Barracks  
  33  4:19  Barracks, SCV  
  34  4:25  Banshee, Cloaking Field  
  34  4:26  Widow Mine  
  34  4:30  SCV  
  40  4:31  SCV  
  41  4:42  Barracks Reactor  
  41  4:44  SCV x2  
  43  4:48  Widow Mine  
  43  4:51  Engineering Bay  
  45  4:53  Supply Depot  
  45  4:57  SCV x2  
  47  5:06  Marine x2  
  47  5:08  Banshee  
  47  5:09  SCV x2  
  47  5:11  Widow Mine  
  47  5:13  Stimpack  
  52  5:19  Terran Infantry Weapons Level 1, Marine  
  52  5:24  Marine  
  49  5:28  Marine x2  
  49  5:31  SCV x2  
  49  5:34  Factory Reactor  
  52  5:37  Marine  
  53  5:43  SCV  
  53  5:48  SCV  
  53  5:49  Marine  
  52  5:50  Marine  
  52  5:55  Marine  
  52  5:56  SCV  
  55  5:59  Starport Reactor  
  55  6:01  Supply Depot  
  55  6:02  Combat Shield, Marine  
  56  6:05  SCV  
  56  6:07  Marine x2  
  56  6:08  SCV  
  60  6:13  Marine  
  60  6:14  Widow Mine x2  
  63  6:19  Refinery, SCV  
  63  6:20  SCV  
  63  6:25  Marauder  
  66  6:26  Marauder  
  66  6:28  Marine  
  66  6:31  SCV, Marine  
  66  6:32  SCV  
  72  6:34  Supply Depot  
  72  6:36  Supply Depot  
  72  6:40  Widow Mine x2  
  72  6:41  Medivac  
  78  6:56  Supply Depot, Medivac, Marine x4  
  78  6:59  Supply Depot  
  78  7:01  SCV x2  
  86  7:07  Command Center  
  86  7:16  SCV x2  
  86  7:21  Marine x2  
  86  7:22  Marauder x2  
  86  7:23  Terran Infantry Armor Level 1  
  86  7:31  Barracks  
  86  7:32  Barracks  
  86  7:34  Medivac x2  
  90  7:39  Concussive Shells  
  88  7:44  Marine  
  88  7:45  Marine  
  88  7:47  Marine x2  
  88  7:48  SCV x2  
  94  7:51  Refinery  
  94  7:57  Widow Mine x2  
  98  8:03  SCV x2  
  98  8:04  Ghost Academy  
  98  8:05  Marine x2  
  100  8:09  Marauder x2  
  100  8:11  Liberator  
  106  8:16  SCV  
  106  8:17  SCV  
  106  8:19  Orbital Command  
  108  8:21  Barracks Tech Lab, Barracks Reactor  
  108  8:22  Widow Mine x2  
  108  8:24  Marine x2  
  113  8:29  Medivac  
  118  8:42  Marine  
  118  8:43  Marine  
  118  8:47  Supply Depot x2  
  118  8:48  Ghost, Supply Depot  
  118  8:50  Ghost  
  122  9:01  Marine x2  
  122  9:02  Ghost, Marine x2  
  124  9:07  SCV x3  
  131  9:12  Supply Depot x2  
  131  9:24  SCV x3  
  133  9:29  Marine  
  133  9:30  Marine x3  
  138  9:35  Armory, Engineering Bay  
  138  9:41  Liberator x2  
  132  9:47  Marine  
  132  9:48  Marine x3  
  132  9:49  Marauder x3  
  142  9:59  Widow Mine x2  
  115  10:16  SCV x2  
  115  10:17  Marine x4  
  115  10:20  Widow Mine x2  
  116  10:26  Terran Infantry Weapons Level 2  
  111  10:32  Terran Infantry Armor Level 2, Refinery x2  
  111  10:37  Marine x4  
  111  10:39  Marauder x2  
  111  10:41  Marauder  
  121  10:51  Command Center  
  121  10:52  Widow Mine x2  
  121  10:55  SCV x3  
  128  11:07  Barracks x2  
  128  11:08  Barracks  
  128  11:09  Ghost x3  
  128  11:10  Marine x4  
  138  11:18  Widow Mine x2  
  142  11:31  Marine x4  
  138  11:38  Marauder x3  
  144  11:41  Widow Mine, Medivac  
  144  11:42  Widow Mine, Medivac  
  144  11:45  SCV x3, Supply Depot x2  
  147  11:57  Marine x4  
  147  12:00  Barracks Tech Lab, Barracks Reactor  
  147  12:01  Barracks Tech Lab, Ghost x2  
  148  12:04  Ghost  
  147  12:23  Marine x4  
  147  12:24  Ghost x2  
  147  12:28  SCV x3  
  147  12:29  Ghost  
  154  12:36  Planetary Fortress  
  154  12:38  Refinery x2  
  154  12:40  SCV x3  
  146  13:01  Marine x4  
  146  13:02  Ghost x2, Marine x2  
  146  13:03  Marauder x3  
  146  13:04  Widow Mine x2  
  155  13:11  Medivac x2  
  150  13:30  Marine  
  150  13:31  Marine x4  
  150  13:32  Ghost x2, Marine  
  150  13:33  Marauder x3  
  134  13:50  Marine x5  
  134  13:51  Marine  
  134  13:52  Command Center, Widow Mine x2, Medivac x2  
  134  13:54  Marauder x2  
  134  13:55  Marauder  
  151  14:01  Marauder x2  
  155  14:04  Sensor Tower  
  155  14:13  Widow Mine x2  
  156  14:22  Marine x6  
  156  14:24  Marauder x3  
  166  14:30  Marauder x2  
  165  14:41  Marine  
  165  14:42  Marine x5  
  171  14:56  Marauder x5  
  181  15:14  Marine x5  
Show
View Real Time Build Order
Export as new Build Order

Trap Protoss 

Build Orders: 1 Gate Expand, Phoenix Opening 

Get SALT Encoding   

  12  0:00  Probe  
  13  0:12  Probe  
  14  0:17  Pylon  
  14  0:24  Probe  
  15  0:32  Probe  
  15  0:36  Gateway  
  15  0:40  Probe  
  16  0:45  Assimilator  
  17  0:51  Probe  
  18  1:03  Probe  
  19  1:15  Probe  
  20  1:25  Nexus  
  20  1:33  Cybernetics Core  
  20  1:39  Zealot  
  22  1:47  Pylon  
  22  1:49  Probe  
  23  1:57  Assimilator  
  23  2:00  Stalker  
  23  2:05  Probe  
  23  2:12  Warp Gate  
  25  2:17  Probe  
  26  2:27  Stalker  
  27  2:30  Probe  
  29  2:41  Probe  
  29  2:42  Probe  
  31  2:49  Stargate  
  31  2:54  Probe  
  31  2:56  Probe  
  33  3:03  Stalker  
  33  3:05  Probe  
  34  3:07  Probe  
  36  3:14  Probe  
  36  3:16  Shield Battery  
  36  3:17  Probe  
  39  3:29  Phoenix  
  40  3:35  Stalker  
  40  3:41  Pylon  
  42  3:48  Phoenix  
  42  3:52  Gateway  
  44  3:57  Probe  
  44  3:58  Probe  
  44  4:06  Phoenix  
  44  4:11  Gateway  
  44  4:14  Probe  
  44  4:15  Probe  
  48  4:20  Stalker  
  50  4:24  Phoenix  
  50  4:30  Pylon  
  52  4:35  Probe x2  
  54  4:48  Probe x2  
  54  4:51  Shield Battery  
  56  4:54  Oracle  
  59  5:01  Shield Battery  
  59  5:03  Adept, Pylon  
  59  5:05  Probe  
  62  5:10  Pylon  
  62  5:21  Probe x2  
  64  5:22  Oracle  
  62  5:33  Probe  
  66  5:37  Probe  
  66  5:42  Nexus  
  67  5:43  Pylon  
  67  5:45  Probe  
  67  5:49  Assimilator  
  68  5:50  Assimilator  
  68  5:52  Probe  
  69  5:57  Probe  
  69  6:03  Twilight Council  
  69  6:04  Forge  
  70  6:06  Probe  
  70  6:09  Probe  
  70  6:25  Protoss Ground Armor Level 1  
  70  6:26  Gateway x2  
  70  6:27  Gateway  
  70  6:29  Charge  
  70  6:31  Sentry x2, Gateway, Zealot  
  76  6:35  Gateway  
  76  6:39  Probe x2  
  78  6:42  Pylon  
  77  6:55  Phoenix  
  77  6:59  Zealot x3  
  77  7:01  Probe x3  
  86  7:18  Phoenix  
  86  7:20  Sentry, Zealot  
  86  7:21  Zealot x2  
  92  7:26  Zealot  
  92  7:27  Zealot  
  96  7:30  Zealot  
  96  7:33  Zealot  
  98  7:41  Probe x3  
  98  7:43  Phoenix  
  103  7:45  Pylon  
  103  7:48  Pylon  
  103  7:53  Pylon  
  103  7:58  Templar Archives  
  103  8:02  Zealot x3  
  109  8:05  Probe  
  109  8:06  Probe  
  109  8:07  Probe  
  109  8:11  Phoenix  
  114  8:15  Zealot  
  114  8:16  Zealot  
  114  8:19  Zealot  
  120  8:23  Pylon  
  120  8:24  Probe x2  
  120  8:26  Probe  
  123  8:35  Assimilator x2  
  123  8:37  Phoenix  
  123  8:38  Photon Cannon  
  123  8:46  Protoss Ground Armor Level 2  
  123  8:47  Zealot x2, High Templar x2  
  131  8:51  Archon  
  131  8:52  Zealot x2  
  132  9:07  Robotics Facility  
  132  9:09  Forge  
  132  9:12  Pylon x2  
  132  9:20  Zealot x2, High Templar x2  
  140  9:25  Archon  
  140  9:33  Zealot x2  
  140  9:34  Nexus  
  142  9:43  High Templar  
  142  9:44  Zealot x2, High Templar  
  148  9:47  Pylon x2  
  148  9:48  Archon  
  148  9:52  Phoenix  
  142  9:57  Zealot x4  
  119  10:10  Stalker x2  
  119  10:11  Probe  
  119  10:12  Probe x2  
  119  10:13  Protoss Ground Weapons Level 1  
  104  10:17  Sentry x2  
  104  10:19  Probe  
  104  10:20  Phoenix  
  97  10:24  Probe x2  
  97  10:27  Probe  
  96  10:32  Observer  
  100  10:36  Probe  
  100  10:42  Phoenix  
  101  10:44  Sentry, Zealot  
  101  10:46  Zealot  
  101  10:48  Observer  
  101  10:49  Protoss Ground Armor Level 3, Zealot  
  111  10:53  Zealot  
  111  10:55  Probe  
  111  10:56  Probe  
  116  10:58  Probe, Phoenix  
  117  11:16  Zealot x2  
  121  11:23  Pylon  
  121  11:24  Probe x3  
  122  11:35  Phoenix  
  122  11:38  Zealot x3  
  122  11:39  Zealot x2  
  132  11:53  Phoenix  
  130  12:01  Zealot x5  
  134  12:06  Protoss Ground Weapons Level 2  
  142  12:12  Probe x4, Phoenix  
  144  12:26  Zealot  
  144  12:27  Zealot x2  
  148  12:35  Templar Archives  
  148  12:36  Robotics Facility  
  144  12:47  Phoenix  
  144  12:50  Zealot x4  
  127  13:05  Phoenix  
  115  13:06  Nexus  
  111  13:27  Phoenix  
  111  13:31  High Templar x4  
  111  13:32  High Templar x4  
  127  13:35  Observer  
  127  13:36  Archon  
  127  13:37  Archon x3  
  127  13:47  Probe x3, Phoenix  
  126  13:51  Nexus  
  126  13:54  Pylon  
  125  14:10  Phoenix  
  125  14:11  Probe x3  
  130  14:20  Robotics Bay  
  130  14:23  Sentry x2  
  132  14:25  Zealot  
  134  14:33  Observer  
  134  14:37  Zealot x3  
  139  14:49  Stalker x2  
  139  14:52  Stalker  
  145  14:55  Observer  
  146  15:07  Disruptor  
  146  15:12  Zealot x3  
  146  15:13  Zealot  
  154  15:24  Zealot x3  
  154  15:26  Sentry  

Tags
 
Add a new tag
Caveats
  • Supply blocks, unpowered buildings, or Contaminate may cause inaccurate times.
  • Supply counts are checked every 10 seconds.